 Dungeon Crawl Stone Soup version 0.21-a0-143-g1ab7d47 (webtiles) character file.

111953 tilp the Scorcher (level 16, -11/139 HPs)
             Began as a Hill Orc Fire Elementalist on July 23, 2017.
             Was a High Priest of Okawaru.
             Mangled by a spark wasp (13 damage)
             ... on level 3 of the Spider Nest on July 25, 2017.
             The game lasted 03:23:53 (48110 turns).

tilp the Scorcher (Hill Orc Fire Elementalist)     Turns: 48110, Time: 03:23:54

Health: -11/139    AC: 18    Str: 13    XL:     16   Next: 59%
Magic:  22/36      EV:  8    Int: 22    God:    Okawaru [*****.]
Gold:   2210       SH:  0    Dex: 14    Spells: 2/27 levels left

rFire    + . .     SeeInvis +   M - +6 rapier of False Hope {pierce, rPois rC- Int+2 Dex+3}
rCold    . . .     Gourm    .   q - +1 buckler
rNeg     . . .     Faith    .   I - +1 steam dragon scales
rPois    +         Spirit   .   s - +1 hat
rElec    .         Reflect  +   i - +2 cloak {rPois}
rCorr    .         Harm     .   N - +1 pair of gloves of the Ecumenical Temple {MP+9}
MR       +....                  D - +2 pair of boots {run}
Stlth    ++........             V - +4 amulet of reflection
HPRegen  0.33/turn              Z - +3 ring of protection
MPRegen  0.25/turn              Y - ring "Zitouch" {rPois rF+ rC+}

@: very slightly contaminated, held, quick
A: antennae 2, talons 1, large bone plates 1, see invisible, blink, high mp 1
a: Blink, Heroism, Finesse, Renounce Religion


You were on level 3 of the Spider Nest.
You worshipped Okawaru.
Okawaru was extremely pleased with you.
You were hungry.

You visited 5 branches of the dungeon, and saw 24 of its levels.
You also visited: Labyrinth and Ice Cave.

You collected 3535 gold pieces.
You spent 1325 gold pieces at shops.

Inventory:

Hand Weapons
 b - the +7 flail of Cebell {elec, rC+ MR+ Int-4 Dex+5}
   (You found it in a labyrinth)

   Occasionally, upon striking a foe, it will discharge some electrical energy
   and cause terrible harm.
   It affects your intelligence (-4).
   It affects your dexterity (+5).
   It protects you from cold.
   It affects your resistance to hostile enchantments.
 z - the +6 scythe of Radicalism {freeze, *Rage rElec SInv Stlth+}
   (You took it off an orc warrior on level 1 of the Orcish Mines)

   It has been specially enchanted to freeze those struck by it, causing extra
   injury to most foes and up to half again as much damage against particularly
   susceptible opponents.
   It can also slow down cold-blooded creatures.
   It insulates you from electricity.
   It lets you see invisible.
   It may make you go berserk in combat.
   It makes you more stealthy.
 M - the +6 rapier of False Hope (weapon) {pierce, rPois rC- Int+2 Dex+3}
   (Okawaru gifted it to you on level 11 of the Dungeon)

   It inflicts extra damage upon your enemies.
   It affects your intelligence (+2).
   It affects your dexterity (+3).
   It makes you vulnerable to cold.
   It protects you from poison.
 T - the +9 quarterstaff of Subterfuge {flame, rC+ Str+2}
   (You found it on level 1 of the Orcish Mines)

   It has been specially enchanted to burn those struck by it, causing extra
   injury to most foes and up to half again as much damage against particularly
   susceptible opponents.
   It affects your strength (+2).
   It protects you from cold.
Missiles
 C - 5 javelins of returning (quivered)
Armour
 i - a +2 cloak of poison resistance (worn)
 q - a +1 buckler (worn)
 s - a +1 hat (worn)
 w - the +1 pair of gloves of the Saviour {+Inv rElec rF++ Str-3}
   (You found it on level 8 of the Dungeon)

   It affects your strength (-3).
   It greatly protects you from fire.
   It insulates you from electricity.
   It lets you turn invisible.
 D - a +2 pair of boots of running (worn)
 I - +1 steam dragon scales (worn)
 N - the +1 pair of gloves of the Ecumenical Temple (worn) {MP+9}
   (Okawaru gifted it to you in a labyrinth)

   It affects your magic capacity (+9).
Magical Staves
 j - an uncursed staff of energy
 X - an uncursed staff of power
Jewellery
 l - an uncursed ring of flight
 H - an uncursed amulet of regeneration
 R - an uncursed ring of resist corrosion
 V - a +4 amulet of reflection (around neck)
 Y - the ring "Zitouch" (right hand) {rPois rF+ rC+}
   (You found it in a labyrinth)

   [ring of protection from cold]

   It protects you from fire.
   It protects you from cold.
   It protects you from poison.
 Z - a +3 ring of protection (left hand)
Wands
 g - a wand of iceblast (5/15)
 h - a wand of paralysis (10/24)
 r - a wand of flame (32/48)
 t - a wand of polymorph (18/24)
 S - a wand of lightning (7/15)
Scrolls
 e - 11 scrolls of amnesia
 f - 10 scrolls of remove curse
 m - 2 scrolls of magic mapping
 p - 8 scrolls of recharging
 v - 3 scrolls of fear
 B - 2 scrolls of identify
 E - 3 scrolls of fog
 G - 10 scrolls of teleportation
 J - 2 scrolls of blinking
Potions
 d - 5 potions of resistance
 k - 6 potions of agility
 n - 3 potions of haste
 u - 3 potions of might
 x - 2 potions of cancellation
 F - 3 potions of flight
 K - a potion of invisibility
 L - 2 potions of magic
 P - a potion of heal wounds
 W - a potion of brilliance
Miscellaneous
 A - a phial of floods
 Q - a lamp of fire
Comestibles
 a - a meat ration
 c - 8 bread rations


   Skills:
 * Level 12.0 Fighting
 * Level 7.5 Dodging
 - Level 1.5 Stealth
 - Level 4.2 Shields
 - Level 6.0 Spellcasting
 + Level 16.3 Conjurations
 * Level 17.9 Fire Magic
 - Level 5.4 Invocations
 - Level 4.2 Evocations


You had 2 spell levels left.
You knew the following spells:

 Your Spells              Type           Power        Failure   Level  Hunger
a - Flame Tongue          Conj/Fire      #####        0%          1    None
b - Throw Flame           Conj/Fire      ######       0%          2    None
c - Conjure Flame         Conj/Fire      ######..     1%          3    #......
d - Sticky Flame          Conj/Fire      ######..     1%          4    ###....
e - Freeze                Ice            #...         9%          1    None
f - Fireball              Conj/Fire      ######....   1%          5    #####..
g - Bolt of Fire          Conj/Fire      ######....   1%          6    ######.
h - Ozocubu's Armour      Chrm/Ice       #.......     26%         3    #......


Dungeon Overview and Level Annotations

Branches:
Dungeon (12/15)            Temple (1/1) D:5            Lair (6/6) D:8
 Shoals (0/4) Lair:4       Spider (3/4) Lair:2        Slime (0/5) Lair:6
    Orc (2/2) D:10            Elf (0/3) Orc:2

Altars:
Ashenzari
Cheibriados
Dithmenos
Elyvilon
Fedhas
Gozag
Hepliaklqana
Kikubaaqudgha
Makhleb
Nemelex Xobeh
Okawaru
Qazlal
Ru
Sif Muna
Trog
Uskayaw
Vehumet
Wu Jian
Xom
Yredelemnul
Zin
The Shining One
Beogh

Shops:
D:6 [   D:7 [   Orc:1 (   Orc:2 **%:

Annotations:
D:11 braks's ghost, journeyman DsGl; braks's ghost, novice TrEE
Lair:3 exclusion: oklob plant
Lair:6
Hell entrance


Innate Abilities, Weirdness & Mutations

You have a pair of antennae on your head.
You have sharp toenails.
You are partially covered in large bone plates. (SH +4)
You have supernaturally acute eyesight. (SInv)
You can translocate small distances at will.
You have an increased reservoir of magic. (+10% MP)


Message History

The spark wasp burns!
The spark wasp barely misses you. You block the redback's attack.
The spark wasp burns!
You block the redback's attack.
You found a web!
The spark wasp burns!
You block the spark wasp's attack.
You see here a potion of haste.
You are caught in the web!
The spark wasp burns!
The spark wasp stops burning.
The redback bites you but does no damage. x2
Found a sack of spiders.
There is a web here.
You struggle to detach yourself from the web.
The spark wasp stings you!
* * * LOW HITPOINT WARNING * * *
The spark wasp shocks you!
* * * LOW HITPOINT WARNING * * *
The redback barely misses you.
The redback bites you but does no damage.
The spark wasp stings you!
* * * LOW HITPOINT WARNING * * *
The spark wasp shocks you!
You die...

#.........................#
#.........#............)###
#.....#..#..............#
#....#..[..............##
#.....................).
##.#..^#...............
#.....##†..s...........
#.........ssy###.....#.
##..#.....s@.# #.....
###...#...## . #.....#.#
.....#... .#... #.. .....
.... .... .... ... ...}.


You could see a spark wasp and 4 redbacks.

Vanquished Creatures
  Rupert (Lair:4)
  2 orc warlords (Orc:1)
  An emperor scorpion (Spider:1)
  2 entropy weavers
  A spark wasp (Spider:3)
  A minotaur (Lab)
  Josephine (Lair:4)
  2 ice dragons (IceCv)
  9 hydras
  A catoblepas (Lair:6)
  2 two-headed ogres
  5 death yaks (Lair:6)
  Nergalle (Orc:1)
  The ghost of braks the Fighter, a novice OpTm of Ru (Lab)
  The ghost of drasked the Basher, a novice GrFi of Okawaru (D:7)
  A wizard (Lair:6)
  2 lindwurms (Lair:4)
  11 orb spiders
  3 orc knights (Orc:1)
  25 wolf spiders
  2 deep elf magi
  8 orc sorcerers (Orc:2)
  A manticore (D:8)
  An ugly thing (D:12)
  5 elephants
  Joseph (D:7)
  A centaur zombie (D:10)
  2 ice statues (IceCv)
  3 black mambas
  13 spiny frogs
  A gargoyle (D:8)
  10 rime drakes
  11 komodo dragons
  12 demonic crawlers
  2 trolls
  20 jumping spiders
  A polar bear (Lair:6)
  Prince Ribbit (D:6)
  A dream sheep (Lair:6)
  Grinder (D:6)
  A hornet (Spider:1)
  2 slime creatures (D:12)
  8 blink frogs
  10 hippogriffs
  3 shadows
  49 redbacks
  20 tarantellas
  7 wraiths
  30 yaks
  4 hungry ghosts
  2 wyverns
  7 basilisks
  A steam dragon (D:7)
  Menkaure (D:6)
  14 wargs
  An acid dragon (D:11)
  A hell hound (Lair:6)
  13 water moccasins
  12 porcupines
  3 sky beasts
  An eye of draining (D:11)
  15 ice beasts
  3 phantoms
  3 black bears
  35 orc warriors
  14 ogres
  26 wolves
  6 necrophages
  10 centaurs
  A big kobold (D:10)
  13 crocodiles
  22 bullfrogs
  A wyvern zombie (D:10)
  3 scorpions
  13 killer bees
  8 wights
  4 lava snakes (Lab)
  2 crimson imps (D:10)
  A howler monkey (D:4)
  3 bullfrog zombies
  6 hounds
  3 centaur skeletons
  20 orc priests
  A gnoll shaman (D:5)
  2 jellies
  46 orc wizards
  3 iguanas
  7 worker ants
  6 hell rats
  A hound zombie (D:9)
  A worker ant zombie (D:5)
  A howler monkey skeleton (D:4)
  7 gnolls
  13 adders
  2 river rats (Lair:3)
  A shadow imp (D:5)
  An ooze (D:1)
  2 adder skeletons
  2 adder zombies
  2 worms
  3 dart slugs
  6 leopard geckos
  104 orcs
  6 bats
  3 giant cockroaches
  7 goblins
  6 hobgoblins
  5 jackals
  10 kobolds
  4 quokkas
  A ball python (D:3)
  7 frilled lizards
  A jackal skeleton (D:4)
  A jackal zombie (D:7)
  A quokka zombie (D:7)
  10 rats
845 creatures vanquished.

Vanquished Creatures (collateral kills)
  A hippogriff (Lair:5)
  A crocodile (Lair:5)
2 creatures vanquished.

Vanquished Creatures (others)
  A cyclops (D:8)
  An orc wizard (Orc:2)
  26 fungi
  38 plants
66 creatures vanquished.

Grand Total: 913 creatures vanquished

Notes
Turn   | Place    | Note
-------+----------+-------------------------------------------
     0 | D:1      | tilp the Hill Orc Fire Elementalist began the quest for the Orb.
     0 | D:1      | Reached XP level 1. HP: 14/14 MP: 3/3
   280 | D:1      | Reached XP level 2. HP: 20/20 MP: 3/5
   790 | D:1      | Reached XP level 3. HP: 26/26 MP: 6/6
   800 | D:1      | Learned a level 2 spell: Throw Flame
   804 | D:1      | Learned a level 3 spell: Conjure Flame
  1181 | D:2      | Upgraded the game from 0.21-a0-142-gdd972a7 to 0.21-a0-143-g1ab7d47
  1252 | D:2      | Reached XP level 4. HP: 22/33 MP: 0/7
  1525 | D:2      | Found a hazy altar of Hepliaklqana.
  1687 | D:2      | Reached skill level 4 in Fire Magic
  1691 | D:2      | Reached XP level 5. HP: 37/38 MP: 3/8
  2287 | D:3      | Reached skill level 5 in Fire Magic
  2574 | D:3      | Reached XP level 6. HP: 37/45 MP: 9/9
  2644 | D:3      | Found a snail-covered altar of Cheibriados.
  2689 | D:3      | Reached skill level 1 in Fighting
  3382 | D:3      | Found a sacrificial altar of Ru.
  3792 | D:4      | Noticed a sky beast
  3825 | D:4      | Killed a sky beast
  3825 | D:4      | Reached XP level 7. HP: 27/53 MP: 3/10
  3829 | D:4      | Gained mutation: You are agile. (Dex +2) [mutagenic meat]
  3830 | D:4      | Gained mutation: You have supernaturally acute eyesight. (SInv) [mutagenic meat]
  3831 | D:4      | Gained mutation: You have sharp toenails. [mutagenic meat]
  3832 | D:4      | Gained mutation: Your mind is acute. (Int +2) [mutagenic meat]
  3833 | D:4      | Gained mutation: You expend magic power (3 MP) to strengthen your wands. [mutagenic meat]
  3839 | D:4      | Learned a level 4 spell: Sticky Flame
  4232 | D:4      | Reached skill level 5 in Conjurations
  4232 | D:4      | Reached skill level 6 in Fire Magic
  4781 | D:5      | Entered Level 5 of the Dungeon
  4906 | D:5      | Found a blossoming altar of Fedhas.
  5547 | D:5      | Reached XP level 8. HP: 50/63 MP: 3/11
  5827 | D:5      | Found a staircase to the Ecumenical Temple.
  5836 | Temple   | Entered the Ecumenical Temple
  5844 | Temple   | Became a worshipper of Warmaster Okawaru
  6122 | D:5      | Reached skill level 7 in Fire Magic
  6652 | D:5      | Learned a level 1 spell: Freeze
  6708 | D:6      | Found Doohij's Antique Armour Shoppe.
  6708 | D:6      | Noticed Prince Ribbit
  6716 | D:6      | Bought a pair of embroidered boots for 195 gold pieces
  6721 | D:6      | Identified a +1 pair of boots of running (You bought it in a shop on level 6 of the Dungeon)
  7285 | D:6      | Noticed Grinder
  7287 | D:6      | Noticed Menkaure
  7294 | D:6      | Paralysed by Grinder for 7 turns
  7307 | D:6      | Killed Grinder
  7353 | D:6      | Killed Menkaure
  7436 | D:6      | Reached * piety under Okawaru
  7436 | D:6      | Reached XP level 9. HP: 72/72 MP: 0/13
  7669 | D:7      | Reached skill level 8 in Fire Magic
  7795 | D:7      | Noticed Joseph
  7830 | D:7      | Found Dobuw's Armour Boutique.
  7874 | D:7      | Found a shattered altar of Ashenzari.
  8458 | D:7      | Reached skill level 5 in Fighting
  8460 | D:7      | Noticed drasked's ghost (novice GrFi)
  8460 | D:7      | Reached skill level 1 in Invocations
  8562 | D:7      | Found a white marble altar of Elyvilon.
  8562 | D:7      | Found a hide-covered altar of Uskayaw.
  8563 | D:7      | Found a bloodstained altar of Trog.
  9882 | D:8      | Reached ** piety under Okawaru
 10062 | D:8      | Reached skill level 9 in Fire Magic
 10323 | D:8      | Found a staircase to the Lair.
 10415 | D:8      | Reached XP level 10. HP: 77/83 MP: 11/14
 10625 | D:8      | Reached *** piety under Okawaru
 10751 | D:8      | Noticed a gargoyle
 10930 | D:8      | Got a pair of smoking gloves
 10938 | D:8      | Identified the +1 pair of gloves of the Saviour {+Inv rElec rF++ Str-3} (You found it on level 8 of the Dungeon)
 11481 | D:8      | Killed a gargoyle
 11673 | D:8      | Found a large runed door.
 11673 | D:8      | Found a large runed door.
 11674 | D:8      | Noticed a manticore
 11683 | D:8      | Killed a manticore
 11683 | D:8      | Reached skill level 5 in Invocations
 11942 | D:8      | Found a glowing silver altar of Zin.
 12586 | D:9      | Reached **** piety under Okawaru
 12586 | D:9      | Reached skill level 10 in Fire Magic
 13405 | D:10     | Entered Level 10 of the Dungeon
 13579 | D:10     | Found a staircase to the Orcish Mines.
 13692 | D:10     | Found a roughly hewn altar of Beogh.
 14073 | D:10     | Reached XP level 11. HP: 61/91 MP: 11/15
 14080 | D:10     | Learned a level 5 spell: Fireball
 14184 | D:10     | Reached skill level 10 in Conjurations
 14589 | D:10     | Noticed a two-headed ogre
 14601 | D:10     | Killed a two-headed ogre
 14601 | D:10     | Reached skill level 11 in Fire Magic
 15279 | D:11     | Reached ***** piety under Okawaru
 15853 | D:11     | Noticed braks's ghost (novice TrEE)
 16252 | D:11     | Noticed a two-headed ogre
 16278 | D:11     | Killed a two-headed ogre
 16278 | D:11     | Received a gift from Okawaru
 16278 | D:11     | Reached skill level 12 in Fire Magic
 16281 | D:11     | Got an iridescent rapier {god gift}
 16282 | D:11     | Identified the +6 rapier of False Hope {pierce, rPois rC- Int+2 Dex+3} (Okawaru gifted it to you on level 11 of the Dungeon)
 16873 | D:11     | Noticed braks's ghost (journeyman DsGl)
 17394 | D:12     | Noticed a purple ugly thing
 17417 | D:12     | Killed a purple ugly thing
 17670 | D:12     | Found a labyrinth entrance.
 17676 | Lab      | Entered a labyrinth
 17758 | Lab      | Received a gift from Okawaru
 17758 | Lab      | Reached XP level 12. HP: 88/100 MP: 2/16
 17763 | Lab      | Got a pair of slimy gloves {god gift}
 17774 | Lab      | Identified the +1 pair of gloves of the Ecumenical Temple {MP+9} (Okawaru gifted it to you in a labyrinth)
 18131 | Lab      | Noticed braks's ghost (novice OpTm)
 18148 | Lab      | Killed braks's ghost
 19048 | Lab      | Noticed a minotaur
 19057 | Lab      | Killed a minotaur
 19061 | Lab      | Got a fine iron ring
 19072 | Lab      | Got a shimmering flail
 19072 | Lab      | Got a crude cloak
 19078 | D:12     | Reached skill level 13 in Fire Magic
 19272 | D:12     | Identified the +7 flail of Cebell {elec, rC+ MR+ Int-4 Dex+5} (You found it in a labyrinth)
 19303 | D:12     | Noticed a seven-headed hydra
 19338 | D:12     | Killed a seven-headed hydra
 19353 | D:12     | Got a faintly glowing dagger {vamp}
 19544 | D:12     | Identified the +0 cloak of Parlour Games {+Fly Dex+3} (You found it in a labyrinth)
 19578 | D:12     | Identified the ring "Zitouch" {rPois rF+ rC+} (You found it in a labyrinth)
 19588 | D:12     | Identified the cursed +1 dagger of the Mosquito {vamp, MR+ Int+2} (You took it off a centaur on level 12 of the Dungeon)
 19632 | D:12     | Noticed a death knight
 19688 | D:11     | Gained mutation: You are robust. (+10% HP) [mutagenic meat]
 19689 | D:11     | Gained mutation: You have a pair of small antennae on your head. [mutagenic meat]
 19690 | D:11     | Gained mutation: You have a pair of antennae on your head. [mutagenic meat]
 19691 | D:11     | Gained mutation: You are partially covered in large bone plates. (SH +4) [mutagenic meat]
 19842 | D:6      | Killed Prince Ribbit
 19932 | D:7      | Killed drasked's ghost
 20278 | D:7      | Killed Joseph
 20505 | Orc:1    | Entered Level 1 of the Orcish Mines
 20804 | Orc:1    | Noticed an orc warlord
 21372 | Lair:1   | Entered Level 1 of the Lair of Beasts
 21783 | Lair:1   | Reached skill level 14 in Fire Magic
 22688 | Lair:2   | Received a gift from Okawaru
 22871 | Lair:2   | Reached XP level 13. HP: 58/115 MP: 18/18
 23350 | Lair:2   | Found a hole to the Spider Nest.
 24916 | Lair:3   | Reached skill level 15 in Fire Magic
 25087 | Lair:3   | Lost mutation: You are agile. (Dex +2) [potion of mutation]
 25087 | Lair:3   | Lost mutation: You are robust. (+10% HP) [potion of mutation]
 25087 | Lair:3   | Lost mutation: You expend magic power (3 MP) to strengthen your wands. [potion of mutation]
 25087 | Lair:3   | Lost mutation: Your mind is acute. (Int +2) [potion of mutation]
 25087 | Lair:3   | Gained mutation: You can translocate small distances at will. [potion of mutation]
 25087 | Lair:3   | Gained mutation: You have an increased reservoir of magic. (+10% MP) [potion of mutation]
 26028 | Lair:4   | Found a staircase to the Shoals.
 26062 | Lair:4   | Noticed Rupert
 26069 | Lair:4   | Paralysed by Rupert for 2 turns
 26090 | Lair:4   | Killed Rupert
 26090 | Lair:4   | Reached skill level 1 in Shields
 26520 | Lair:4   | Noticed Josephine
 26524 | Lair:4   | Killed Josephine
 26727 | Lair:4   | Received a gift from Okawaru
 27263 | Lair:4   | Received a gift from Okawaru
 27588 | Lair:4   | Reached XP level 14. HP: 92/114 MP: 23/23
 27610 | Lair:4   | Reached skill level 5 in Spellcasting
 28712 | Lair:5   | Reached skill level 5 in Dodging
 28761 | Lair:5   | Found a frozen archway.
 28803 | IceCv    | Entered an ice cave
 28839 | IceCv    | Reached ****** piety under Okawaru
 29603 | IceCv    | Received a gift from Okawaru
 29603 | IceCv    | Reached skill level 16 in Fire Magic
 30878 | Lair:1   | Learned a level 6 spell: Bolt of Fire
 30956 | Lair:5   | You fall through a shaft!
 30956 | Lair:6   | Entered Level 6 of the Lair of Beasts
 32522 | Lair:6   | Reached skill level 15 in Conjurations
 32843 | Lair:6   | Found a staircase to the Slime Pits.
 33080 | Lair:6   | Reached skill level 1 in Evocations
 33433 | Lair:6   | Reached XP level 15. HP: 124/124 MP: 4/25
 33765 | Lair:6   | Found a burning altar of Makhleb.
 33968 | Lair:1   | Learned a level 3 spell: Ozocubu's Armour
 34120 | Orc:1    | Killed an orc warlord
 34667 | Orc:1    | Noticed an orc warlord
 34677 | Orc:1    | Killed an orc warlord
 34837 | Orc:1    | Got a crystal scythe {freeze}
 35638 | Orc:1    | Received a gift from Okawaru
 35686 | Orc:1    | Got a pitted quarterstaff
 35693 | Orc:1    | Identified the +6 scythe of Radicalism {freeze, *Rage rElec SInv Stlth+} (You took it off an orc warrior on level 1 of the Orcish Mines)
 35694 | Orc:1    | Identified the +9 quarterstaff of Subterfuge {flame, rC+ Str+2} (You found it on level 1 of the Orcish Mines)
 35949 | Orc:2    | Entered Level 2 of the Orcish Mines
 36103 | Orc:1    | Found Qomisutinn's Weapon Shoppe.
 36109 | Orc:1    | Noticed Nergalle
 36116 | Orc:1    | Killed Nergalle
 37473 | Orc:2    | Found a staircase to the Elven Halls.
 37854 | Orc:2    | Found Kinexifo's Assorted Antiques.
 37854 | Orc:2    | Found Piudarra's General Store.
 37859 | Orc:2    | Reached skill level 17 in Fire Magic
 37913 | Orc:2    | Found a roughly hewn altar of Beogh.
 37937 | Orc:2    | Found Yheryomm's Food Emporium.
 37937 | Orc:2    | Found Guobruit's Book Shop.
 38127 | Orc:2    | Bought a scroll of identify for 62 gold pieces
 38127 | Orc:2    | Bought a scroll of remove curse for 93 gold pieces
 38127 | Orc:2    | Bought an ancient mace for 248 gold pieces
 38127 | Orc:2    | Bought a sedimented yellow potion for 27 gold pieces
 38127 | Orc:2    | Bought a potion of heal wounds for 155 gold pieces
 38127 | Orc:2    | Bought a pair of glowing gloves for 232 gold pieces
 38127 | Orc:2    | Bought 2 scrolls of identify for 124 gold pieces
 38136 | Orc:2    | Bought a potion of brilliance for 72 gold pieces
 38136 | Orc:2    | Bought a scroll of amnesia for 63 gold pieces
 38136 | Orc:2    | Bought a scroll of teleportation for 54 gold pieces
 38137 | Orc:2    | Identified the cursed +0 mace of the Big Fish {antimagic, rPois} (You bought it in a shop on level 2 of the Orcish Mines)
 38943 | D:8      | Found a hide-covered altar of Uskayaw.
 38948 | D:8      | Found a sparkling altar of Nemelex Xobeh.
 39040 | Spider:1 | Entered Level 1 of the Spider Nest
 40216 | Spider:1 | Reached skill level 10 in Fighting
 40408 | Spider:1 | Noticed an emperor scorpion
 40524 | Spider:1 | Killed an emperor scorpion
 42263 | Spider:1 | Received a gift from Okawaru
 43430 | Spider:2 | Reached XP level 16. HP: 123/136 MP: 27/27
 48110 | Spider:3 | HP: 2/139 [spark wasp (15)]
 48110 | Spider:3 | Mangled by a spark wasp

Vault maps used:
D:1:      minmay_arrival_up_and_down, nrook_uturn, minmay_pentomino_v4
D:2:      cheibrodos_pilgrimage, lemuel_doored_altar, first_bread
D:3:      nicolae_ru_great_annihilating_truth, kennysheep_slug_shrine
D:5:      kennysheep_mini_moat, minmay_temple_entry_nine_rooms
D:6:      serial_shops, shop, uniq_menkaure, uniq_prince_ribbit1, uniq_grinder
D:7:      gammafunk_temple_overflow_forgotten, old_standard_altar, serial_shops,
          shop, grunt_ogre_cave, uniq_joseph
D:8:      zin_statuary, erik_lair_orcish_takeover, jmf_multi_god_temple2
D:10:     minmay_orc_entry_temple_small
D:12:     lab_entry_generic
Temple:   eino_narrow_crystal_temple
Lair:1:   small_statue_intersection
Lair:2:   nicolae_spider_entry_orb_guardian
Lair:3:   kennysheep_abandoned_house, serial_bayou_shore_b,
          minmay_lair_oklob_chamber, lemuel_fruit_tree
Lair:4:   cheibrodos_lair_overgrown_chateau, elwin_shoals_entry_rocks,
          grunt_megastairs_1, uniq_rupert, uniq_josephine
Lair:5:   enter_volcano_4, portal_ice_cave_rime
Lair:6:   evil_forest, dpeg_slime_entry_corner, minivault_26
Spider:3: nicolae_spider_mines_2, hangedman_spider_tarantella_strand
Orc:1:    serial_shops, nicolae_shop_stone, minmay_orc_treasury, uniq_nergalle
Orc:2:    st_orc_town
Lab:      labyrinth_lava_lair, nicolae_lab_dead_end, nicolae_lab_flowing_pool
IceCv:    ice_cave_small_dragons

Skill      XL: |  1  2  3  4  5  6  7  8  9 10 11 12 13 14 15 16 |
---------------+-------------------------------------------------+-----
Spellcasting   | 2 3 4 5 6 |  6.0
Conjurations   | 2 3 4 5 6 7 9 11 13 14 15 16 | 16.3
Fire Magic     | 4 5 6 7 9 10 12 14 15 16 17 | 17.9
Fighting       | 1 3 4 5 7 9 10 12 | 12.0
Dodging        | 2 3 4 5 6 7 |  7.5
Invocations    | 3 5 |  5.4
Shields        | 2 4 |  4.2
Evocations     | 1 4 |  4.2
Stealth        | |  1.5

Action                   |  1- 3 |  4- 6 |  7- 9 | 10-12 | 13-15 | 16-18 || total
-------------------------+-------+-------+-------+-------+-------+-------++-------
Melee: Club              |     5 |       |       |       |       |       ||     5
       Short sword       |    49 |   127 |   248 |   523 |       |       ||   947
       Dagger            |    10 |       |       |       |       |       ||    10
       Kick              |       |       |    22 |       |       |       ||    22
       Rapier            |       |       |       |   289 |  1115 |   214 ||  1618
       Flail             |       |       |       |    12 |    39 |       ||    51
Throw: Stone             |       |     4 |       |       |       |       ||     4
       Tomahawk          |       |       |     4 |       |       |       ||     4
 Cast: Flame Tongue      |    21 |    46 |   139 |   199 |   210 |    61 ||   676
       Throw Flame       |     2 |     9 |    14 |    58 |    51 |    24 ||   158
       Conjure Flame     |       |     2 |    17 |    29 |    59 |    23 ||   130
       Sticky Flame      |       |       |    14 |    58 |   117 |    40 ||   229
       Freeze            |       |       |     5 |    22 |     4 |       ||    31
       Fireball          |       |       |       |     4 |    48 |     7 ||    59
       Bolt of Fire      |       |       |       |       |    68 |    21 ||    89
       Ozocubu's Armour  |       |       |       |       |     2 |     1 ||     3
Invok: Heroism           |       |       |       |     5 |     7 |     2 ||    14
       Finesse           |       |       |       |     2 |     7 |     1 ||    10
 Abil: Evoke Flight      |       |       |       |     1 |     1 |       ||     2
       Blink             |       |       |       |       |     4 |     2 ||     6
Evoke: Wand              |       |       |       |       |     1 |       ||     1
  Use: Scroll            |       |       |    10 |    18 |    15 |     2 ||    45
       Potion            |       |       |       |     3 |     9 |     3 ||    15
 Stab: Sleeping          |     3 |     4 |       |       |       |       ||     7
       Distracted        |       |       |     1 |       |       |       ||     1
       Petrified         |       |       |       |       |     2 |       ||     2
  Eat: Fruit             |     2 |       |     1 |    16 |     9 |     4 ||    32
       Chunk             |     2 |    10 |    13 |    41 |    54 |     6 ||   126
       Royal jelly       |     1 |       |     2 |     2 |     2 |     1 ||     8
       Meat ration       |       |       |     2 |     1 |     3 |     1 ||     7
       Bread ration      |       |       |     1 |     2 |    10 |     3 ||    16
Armor: Robe              |     3 |       |       |       |       |       ||     3
       Leather armour    |    13 |    35 |    44 |       |       |       ||    92
       Steam dragon scal |       |       |    17 |   284 |   491 |   159 ||   951
       Skin              |       |       |       |       |    15 |       ||    15
Dodge: Dodged            |    41 |    70 |   145 |   536 |   877 |   302 ||  1971
       Deflected         |       |     2 |    15 |    21 |       |       ||    38
Block: Buckler           |       |     9 |    50 |   226 |   892 |   325 ||  1502
       Reflection        |       |       |       |       |    10 |       ||    10
